 Dungeon Crawl Stone Soup version 0.20.1-1-g8b1a95d (webtiles) character file.

770 keltmir the Transmogrifier (level 7, -1/78 HPs)
             Began as a White Draconian Transmuter on Nov 1, 2017.
             Was an Initiate of Makhleb.
             Slain by a two-headed ogre
             ... wielding a +0 giant club
              (7 damage)
             ... on level 4 of the Dungeon.
             The game lasted 00:23:58 (6068 turns).

keltmir the Transmogrifier (DrTm)                   Turns: 6068, Time: 00:23:59

Health: -1/78      AC: 23    Str: 12    XL:     7   Next: 53%
Magic:  1/10       EV:  2    Int: 15    God:    Makhleb [......]
Gold:   314        SH:  0    Dex: 12    Spells: 1/10 levels left

rFire    . . .     SeeInvis .     - Unarmed
rCold    . . .     Gourm    .   (no shield)
rNeg     + + +     Faith    .   (armour unavailable)
rPois    +         Spirit   .   (helmet currently unavailable)
rElec    .         Reflect  .   (cloak currently unavailable)
rCorr    .         Harm     .   (gloves currently unavailable)
MR       .....     NoTele   +   (boots currently unavailable)
Stlth    +.........             (no amulet)
Regen    0.3/turn               (no ring)
MPRegen  0.2/turn               (no ring)

@: short of breath, tree-form, very slightly contaminated
A: (breathe frost), unfitting armour, AC +6
a: Renounce Religion


You were on level 4 of the Dungeon.
You worshipped Makhleb.
Makhleb was noncommittal.
You were hungry.
You were a tree.
You visited 2 branches of the dungeon, and saw 7 of its levels.

You collected 314 gold pieces.

Inventory:

Missiles
 a - 73 arrows
 m - 4 exploding tomahawks (quivered)
 s - 12 poisoned needles
Jewellery
 o - a cursed amulet of faith {unknown}
 q - an uncursed ring of see invisible {unknown}
 r - an uncursed amulet of faith {unknown}
Scrolls
 e - a scroll of amnesia {unknown}
 h - a scroll of noise {unknown}
 j - a scroll of magic mapping
 n - a scroll of enchant weapon {unknown}
 u - a scroll of blinking {unknown}
 x - 2 scrolls of remove curse {unknown}
Potions
 f - a potion of flight
 g - 2 potions of brilliance
 i - a potion of lignification
 l - 5 potions of agility
 t - a potion of might {unknown}
Books
 b - a book of Changes

   Spells                             Type                      Level
   a - Beastly Appendage              Transmutation                1
   b - Sticks to Snakes               Transmutation                2
   c - Spider Form                    Transmutation/Poison         3
   d - Ice Form                       Ice/Transmutation            4
   e - Blade Hands                    Transmutation                5
 p - a book of Cantrips

   Spells                             Type                      Level
   a - Confusing Touch                Hexes                        1
   b - Animate Skeleton               Necromancy                   1
   c - Summon Small Mammal            Summoning                    1
   d - Apportation                    Translocation                1
 w - a book of Minor Magic

   Spells                             Type                      Level
   a - Magic Dart                     Conjuration                  1
   b - Blink                          Translocation                2
   c - Call Imp                       Summoning                    2
   d - Slow                           Hexes                        2
   e - Conjure Flame                  Conjuration/Fire             3
   f - Mephitic Cloud                 Conjuration/Poison/Air       3
Comestibles
 c - 2 bread rations
 k - 2 royal jellies
 z - a fruit


   Skills:
 - Level 1.1 Fighting
 - Level 1.7 Dodging
 - Level 3.0 Unarmed Combat
 - Level 2.0 Spellcasting
 * Level 8.7 Transmutations


You had one spell level left.
You knew the following spells:

 Your Spells              Type           Power        Failure   Level  Hunger
a - Beastly Appendage     Tmut           ####..       1%          1    #......
b - Spider Form           Tmut/Pois      ##........   11%         3    ###....
c - Blade Hands           Tmut           ####......   17%         5    ######.


Dungeon Overview and Level Annotations

Branches:
Dungeon (6/15)             Temple (1/1) D:4

Altars:
Ashenzari
Cheibriados
Gozag
Kikubaaqudgha
Makhleb
Nemelex Xobeh
Qazlal
Ru
Sif Muna
Vehumet
Xom
Yredelemnul
The Shining One

Annotations:
D:4 Duvessa
D:5 Menkaure


Innate Abilities, Weirdness & Mutations

((You can breathe waves of freezing cold.))
((You can buffet flying creatures when you breathe cold.))
((Your icy white scales are hard. (AC +6)))
You cannot fit into any form of body armour.
((Your flesh is cold resistant. (rC+)))
((You are cold-blooded and may be slowed by cold attacks.))


Message History

Okay, then.
Okay, then.
You hit the two-headed ogre.
The two-headed ogre is heavily wounded.
You hit the two-headed ogre but do no damage.
The two-headed ogre is heavily wounded.
The two-headed ogre barely misses you.
The two-headed ogre hits you but does no damage.
You smack the two-headed ogre!
The two-headed ogre is severely wounded.
The two-headed ogre hits you but does no damage.
The two-headed ogre hits you with a giant spiked club!
* * * LOW HITPOINT WARNING * * *
You hit the two-headed ogre.
The two-headed ogre is severely wounded.
You smack the two-headed ogre!
The two-headed ogre is almost dead.
The two-headed ogre hits you but does no damage.
The two-headed ogre hits you with a giant spiked club!
You die...

#.........###..##......#######...
#.........# ##.##......# #...
..........# #.##......# #...
...###########..#......# ####
...##...........#......###### #..
...##............##.........# #.#
...##..................o....###.#
...##............#..............#
...##..........O♣#..((.(.....####
...##............#......###<.....
...######'######.##.###.# ##.####
...#### #.# #..#.# #.# #.####
......# #.# ##.#.# #.# #....'
......# #.# #.#.# #.#########
......###.# #...###....# #
..........# ##..##.###.# #
....##.#### #..##.....# #


You could see a two-headed ogre.

Vanquished Creatures
  Eustachio (D:3)
  An ice beast (D:5)
  A sky beast (D:4)
  An ogre (D:4)
  Dowan (D:4)
  A hound (D:3)
  3 worker ants
  An orc wizard (D:3)
  3 gnolls (D:3)
  5 adders
  6 worms
  5 dart slugs
  3 leopard geckos
  2 orcs (D:3)
  10 bats
  6 giant cockroaches
  6 goblins
  10 hobgoblins
  4 jackals (D:4)
  10 kobolds
  A quokka (D:3)
  2 ball pythons
  3 frilled lizards
  A jackal skeleton (D:5)
  10 rats
97 creatures vanquished.

Notes
Turn   | Place    | Note
-------+----------+-------------------------------------------
     0 | D:1      | keltmir the Draconian Transmuter began the quest for the Orb.
     0 | D:1      | Reached XP level 1. HP: 16/16 MP: 3/3
    68 | D:1      | Reached XP level 2. HP: 14/23 MP: 3/5
   256 | D:1      | Reached skill level 3 in Transmutations
   625 | D:1      | Reached XP level 3. HP: 26/28 MP: 6/6
   630 | D:1      | Learned a level 3 spell: Spider Form
  1171 | D:2      | Reached skill level 4 in Transmutations
  1410 | D:4      | Noticed an ogre
  1761 | D:3      | Reached XP level 4. HP: 35/35 MP: 3/7
  2165 | D:3      | Reached skill level 5 in Transmutations
  2503 | D:2      | Reached XP level 5. HP: 37/40 MP: 4/8
  3477 | D:3      | Reached skill level 6 in Transmutations
  3871 | D:4      | Reached XP level 6. HP: 37/47 MP: 5/9
  4012 | D:4      | Noticed Duvessa
  4012 | D:4      | Noticed Dowan
  4083 | D:4      | Noticed Eustachio
  4098 | D:3      | Killed Eustachio
  4098 | D:3      | Reached skill level 7 in Transmutations
  4329 | D:4      | Killed Dowan
  4509 | D:4      | Your scales start taking on an icy white colour.
  4509 | D:4      | Reached XP level 7. HP: 52/52 MP: 6/10
  4509 | D:4      | Gained mutation: Your flesh is cold resistant. (rC+) [White Draconian growth]
  4553 | D:5      | Entered Level 5 of the Dungeon
  4606 | D:4      | Found a staircase to the Ecumenical Temple.
  4612 | Temple   | Entered the Ecumenical Temple
  4671 | Temple   | Became a worshipper of Makhleb the Destroyer
  5035 | D:5      | Reached skill level 8 in Transmutations
  5108 | D:5      | Learned a level 5 spell: Blade Hands
  5280 | D:5      | Noticed a two-headed ogre
  5808 | D:5      | Found an ancient bone altar of Kikubaaqudgha.
  5817 | D:5      | Found an opulent altar of Gozag.
  5832 | D:5      | Found a snail-covered altar of Cheibriados.
  5877 | D:5      | Noticed Menkaure
  6068 | D:4      | Slain by a two-headed ogre

Skill      XL: |  1  2  3  4  5  6  7 |
---------------+----------------------+-----
Transmutations | 3 4 5 6 7 8 |  8.7
Fighting       | |  1.1
Dodging        | |  1.7
Unarmed Combat | |  3.0
Spellcasting   | |  2.0

Action                   |  1- 3 |  4- 6 |  7- 9 || total
-------------------------+-------+-------+-------++-------
Melee: Unarmed           |   131 |   210 |    40 ||   381
       Kick              |     8 |     5 |       ||    13
       Tailslap          |    16 |    13 |     2 ||    31
       Headbutt          |     2 |     1 |       ||     3
       Punch             |       |     3 |     1 ||     4
 Cast: Beastly Appendage |     9 |     4 |       ||    13
       Spider Form       |     2 |    19 |     5 ||    26
       Blade Hands       |       |       |     1 ||     1
 Abil: Breathe Frost     |       |       |     2 ||     2
  Use: Scroll            |     3 |     4 |     2 ||     9
       Potion            |       |     1 |     4 ||     5
  Eat: Chunk             |     3 |     7 |     2 ||    12
       Bread ration      |       |     1 |     1 ||     2
Armor: Skin              |    40 |    73 |    11 ||   124
Dodge: Dodged            |    89 |   182 |    28 ||   299
